 Dungeon Crawl Stone Soup version 0.31-a0-702-gf82c85558f (webtiles) character file.

Game seed: 4470126292298210530

50 qw the Shooter (level 3, 0/23 HPs)
             Began as a Gargoyle Hunter on Sept 7, 2023.
             Slain by a hobgoblin (3 damage)
             ... led by Robin
             ... on level 2 of the Dungeon.
             The game lasted 00:00:23 (958 turns).

qw the Shooter (Gargoyle Hunter)                     Turns: 958, Time: 00:00:23

Health: 0/23       AC:  6    Str: 12 (14) XL:     3   Next: 79%
Magic:  0/3        EV: 11    Int:  8 (9)  God:
Gold:   87         SH:  0    Dex: 13 (15) Spells: 2/2 levels left

rFire   . . .        Y - +0 shortbow
rCold   . . .        (shield currently unavailable)
rNeg    + . .        c - +0 leather armour
rPois   inf          (no helmet)
rElec   +            (no cloak)
rCorr   .            (no gloves)
SInv    .            (no boots)
Will    .....        i - amulet of guardian spirit
Stlth   +            (no ring)
HPRegen 0.23/turn    (no ring)
MPRegen 0.08/turn

%: guardian spirit
@: no status effects
A: sickness immunity, AC +3, negative energy resistance 1, electricity
resistance, torment resistance 1, petrification resistance
a: no special abilities


You were on level 2 of the Dungeon.
You visited 1 branch of the dungeon, and saw 2 of its levels.

You collected 87 gold pieces.


Innate Abilities, Weirdness & Mutations

You are immune to sickness and miasma.
Your stone body is resilient. (AC +3)
You are immune to poison.
You resist negative energy. (rN+)
You are resistant to electric shocks. (rElec)
You are resistant to unholy torment.
You are immune to petrification.


   Skills:
 - Level 3.0 Fighting
 + Level 5.0 Ranged Weapons
 - Level 1.5 Dodging
 - Level 1.1 Stealth


You had 2 spell levels left.
You didn't know any spells.
Your spell library was empty.

Inventory:

Hand Weapons
 Y - a +0 shortbow (weapon)
Armour
 c - a +0 leather armour (worn)
Jewellery
 i - an amulet of guardian spirit (around neck)
Scrolls
 g - 2 scrolls of identify
Potions
 e - a potion of curing

Dungeon Overview and Level Annotations

Branches:
Dungeon (2/15)

Altars:

Annotations:
D:2 Robin


Message History

The bat hits you.
You shoot an arrow. The arrow hits the bat.
The bat is severely wounded.
The bat hits you but does no damage.
A hobgoblin comes into view.
A goblin comes into view. It is wielding a +0 dagger.
A goblin comes into view. It is wielding a +0 club.
You shoot an arrow. The hobgoblin shouts!
The arrow hits the bat.
You kill the bat!
A goblin comes into view. It is wielding a +0 dagger.
Robin misses you.
A hobgoblin comes into view.
A goblin comes into view. It is wielding a +0 club.
The goblin moves out of view.
You shoot an arrow. The arrow completely misses Robin.
A hobgoblin comes into view.
Robin barely misses you.
You shoot an arrow. The arrow barely misses Robin.
Robin hits you with a +0 mace.
You shoot an arrow. The arrow hits Robin.
Robin is lightly wounded.
Robin hits you with a +0 mace.
You shoot an arrow. The arrow barely misses Robin.
The arrow hits the hobgoblin.
The hobgoblin is almost dead.
Robin completely misses you.
You shoot an arrow. The arrow closely misses Robin.
The arrow hits the goblin.
The goblin is moderately wounded.
Robin hits you with a +0 mace. Robin closely misses you.
The hobgoblin hits you.
You shoot an arrow. The arrow barely misses the hobgoblin.
The arrow hits the goblin!
You kill the goblin!
The hobgoblin hits you. Robin barely misses you.
Your Fighting skill increases to level 3!
You shoot an arrow. The arrow closely misses the hobgoblin.
The arrow hits the hobgoblin.
The hobgoblin is lightly wounded.
The hobgoblin hits you.
You die...

#..## #####
#.##### #...#
#.....# #.8.#
#...}.###...####
#...........|..#
#####........<.#
#..........#
##.......####
.......@g#
.>......gg#
#........g..g
####...###!gg).
#.8.# #.......
#... #####.. ###
.


You could see Robin, 3 hobgoblins and 3 goblins.

Vanquished Creatures
  2 adders (D:2)
  A worm (D:2)
  3 ball pythons (D:1)
  An endoplasm (D:1)
  A giant cockroach (D:1)
  5 goblins
  3 hobgoblins
  3 kobolds (D:1)
  A quokka (D:2)
  3 bats
  4 frilled lizards (D:1)
  A rat (D:1)
28 creatures vanquished.

Notes
Turn   | Place    | Note
-------+----------+-------------------------------------------
     0 | D:1      | qw the Gargoyle Hunter began the quest for the Orb.
     0 | D:1      | Reached XP level 1. HP: 12/12 MP: 1/1
     0 | D:1      | 0 ||| qw: Version: 0.3-a-76-g4403597
     0 | D:1      | 0 ||| qw: Game counter: 921
     0 | D:1      | 0 ||| qw: Melee chars always use a shield: true
     0 | D:1      | 0 ||| qw: God list: Okawaru
     0 | D:1      | 0 ||| qw: Allow faded altars: false
     0 | D:1      | 0 ||| qw: Do Orc after clearing Dungeon:15 true
     0 | D:1      | 0 ||| qw: Do second Lair branch before Depths: true
     0 | D:1      | 0 ||| qw: Lair rune preference: random
     0 | D:1      | 0 ||| qw: Goals: Normal
     0 | D:1      | 0 ||| PLANNING D:1-11
   104 | D:1      | Reached XP level 2. HP: 17/17 MP: 2/2
   805 | D:1      | 805 ||| UPGRADING to amulet of guardian spirit.
   810 | D:1      | 810 ||| READING scroll labelled WUIG QEKYSHRUGE.
   811 | D:1      | 811 ||| READING 4 scrolls labelled JAAGOB UXAQUOSS.
   812 | D:1      | 812 ||| READING scroll labelled PUYDEX SIQEP.
   813 | D:1      | 813 ||| DRINKING 2 cyan potions.
   814 | D:1      | 814 ||| READING 3 scrolls of identify.
   814 | D:1      | 814 ||| IDENTIFYING purple potion
   815 | D:1      | 815 ||| DROPPING scroll of butterflies.
   816 | D:1      | 816 ||| DROPPING potion of degeneration.
   847 | D:2      | Reached skill level 5 in Ranged Weapons
   847 | D:2      | Reached XP level 3. HP: 16/21 MP: 3/3
   944 | D:2      | Noticed Robin
   956 | D:2      | HP: 5/22 [Robin/+0 mace (2)]
   958 | D:2      | Reached skill level 3 in Fighting
   958 | D:2      | Slain by a hobgoblin

Levels and vault maps discovered:
D:1:      lightli_arrival_boilingwater, layout_basic, minmay_tetromino_o4
D:2:      layout_basic, nicolae_elevator_lobby_asterisk, uniq_robin

Skill      XL: |  1  2  3 |
---------------+----------+-----
Ranged Weapons | 5 |  5.0
Fighting       | 3 |  3.0
Dodging        | |  1.5
Stealth        | |  1.1

Action                     || total
---------------------------++-------
   Fire: Shortbow          ||   106
    Use: Scroll            ||     4
         Potion            ||     1
 Armour: Leather armour    ||    51
  Dodge: Dodged            ||    48

Table legend:
 A = Non-vault XP
 B = Vault XP
 C = Vault XP percentage of total XP
 D = Non-vault monster count
 E = Vault monster count
 F = Vault count percentage of total count
                 A         B        C        D         E       F
            +---------+---------+-------+---------+---------+-------
      Total |      59 |      13 |  18.1 |      21 |       7 |  25.0
            +---------+---------+-------+---------+---------+-------
        D:1 |      23 |       5 |  17.9 |      15 |       3 |  16.7
        D:2 |      36 |       8 |  18.2 |       6 |       4 |  40.0
            +---------+---------+-------+---------+---------+-------
